Punishers vs Wolfes
Created - May 5, 2020 at 19:15
Goals
|
| Punishers |
1 |
3 |
2 |
6 |
| Wolfes |
2 |
1 |
5 |
8 |
|
Shots
|
| Punishers |
14 |
11 |
10 |
35 |
| Wolfes |
18 |
5 |
17 |
40 |
|
1st period
1. Wolfes , Martin Hanzal 46 (Benn Ferriero 18, Wes O'Neill 9) at 5:15
2. Wolfes , Sergei Plotnikov 21 (Alexandre Grenier 46, Chris Tierney 46) at 7:22 (PP)
3. Punishers , Robbie Earl 49 (Ben Betker 5, Zack Hamill 63) at 17:24
Penalties :
Austen Brassard (Pro) for Hooking (Minor) at 7:01, Blake Pietila (RIM) for Holding (Minor) at 8:29, Jamie Oleksiak (RIM) for Roughing (Minor) at 12:29
2nd period
4. Punishers , Miikka Salomaki 49 (Zack Hamill 64, Robbie Earl 39) at 1:35
5. Punishers , Carter Ashton 23 (Radek Faksa 35) at 15:59
6. Punishers , Miikka Salomaki 50 (Zack Hamill 65) at 17:10 (PP)
7. Wolfes , Sergei Plotnikov 22 (Alexandre Grenier 47, Chris Tierney 47) at 17:38
Penalties :
Martin Hanzal (RIM) for Slashing (Minor) at 1:38, Robbie Earl (Pro) for Holding (Minor) at 9:12, Michael Stone (RIM) for Hooking (Minor) at 16:45
3rd period
8. Wolfes , Vladimir Zharkov 6 (Jeffrey Foss 28, Wes O'Neill 10) at 1:16 (PP)
9. Wolfes , Jacob Lagacé 6 (Thomas Spelling 10, Angelo Esposito 6) at 8:21
10. Wolfes , Blake Pietila 48 (Martin Hanzal 62, Vladimir Zharkov 15) at 15:25 (PP)
11. Punishers , Zack Hamill 33 (Robbie Earl 40, Miikka Salomaki 52) at 15:45 (PP)
12. Wolfes , Thomas Spelling 14 (Angelo Esposito 7) at 17:25
13. Wolfes , Zachary Sanford 15 (Scott Timmins 16) at 17:29
14. Punishers , Slava Voynov 9 (Carter Ashton 39) at 19:59 (PP)
Penalties :
Carter Ashton (Pro) for Slashing (Minor) at 0:27, Tyler Bertuzzi (Pro) for Roughing (Minor) at 2:53, Martin Hanzal (RIM) for Holding (Minor) at 3:12, Tyler Bertuzzi (Pro) for Boarding (Minor) at 5:39, Zack Hamill (Pro) for Boarding (Minor) at 11:00, Ben Betker (Pro) for Tripping (Minor) at 15:17, Martin Hanzal (RIM) for Cross-checking (Minor) at 15:36, Michael Stone (RIM) for Hooking (Minor) at 19:40
Goalie Stats
Louis Domingue (Pro), 32 saves from 40 shots - (0.800), L, 31-27-3, 60:00 minutes
Laurent Brossoit (RIM), 29 saves from 35 shots - (0.829), W, 31-24-5, 60:00 minutes
Players Stats for Punishers
Player Name G A P +/- PIM S H SB GA TA FO MP PP MP PK MP
------------------------------------------------------------------------------------
Alex Schoenborn 0 0 0 0 0 0 0 0 0 0 0/1 1:58 0:00 1:58
Andreas Athanasiou 0 0 0 0 0 0 4 0 0 0 0/1 17:30 3:15 2:24
Anton Blidh 0 0 0 0 0 0 0 0 0 0 0/0 0:00 0:00 0:00
Austen Brassard 0 0 0 -2 2 0 1 0 0 0 0/0 10:31 0:00 0:00
Ben Betker 0 1 1 0 2 1 0 2 0 0 0/0 8:36 0:00 0:00
Brett Kulak 0 0 0 -1 0 2 2 0 0 0 0/0 23:29 2:43 2:37
Carter Ashton 1 1 2 0 2 3 1 3 1 0 0/0 13:34 3:14 0:00
Elias Lindholm 0 0 0 -2 0 0 1 0 1 0 1/5 10:53 0:00 0:19
John Macfarland 0 0 0 0 0 0 0 0 0 0 0/0 2:03 0:11 1:15
John Quenneville 0 0 0 -1 0 0 0 0 2 0 1/1 6:03 0:00 0:00
Keith Yandle 0 0 0 -2 0 3 0 2 0 0 0/0 30:41 4:26 4:57
Madison Bowey 0 0 0 0 0 0 0 1 0 0 0/0 23:21 2:43 2:37
Michael Joly 0 0 0 -1 0 0 0 0 0 0 0/0 6:32 0:00 0:00
Miikka Salomaki 2 1 3 1 0 7 0 0 0 0 1/1 20:38 3:41 0:35
Nikita Gusev 0 0 0 -1 0 2 2 0 0 0 0/0 6:03 0:00 0:00
Radek Faksa 0 1 1 0 0 0 1 0 0 0 9/16 16:10 3:15 1:37
Robbie Earl 1 2 3 1 2 3 1 3 1 0 4/5 24:58 3:54 3:29
Slava Voynov 1 0 1 -1 0 6 3 1 1 1 0/0 32:23 4:26 4:57
Tyler Bertuzzi 0 0 0 -2 4 2 1 0 1 0 0/0 10:42 0:03 0:00
Zack Hamill 1 3 4 1 2 6 1 1 0 0 23/49 24:34 3:54 3:31
Players Stats for Wolfes
Player Name G A P +/- PIM S H SB GA TA FO MP PP MP PK MP
------------------------------------------------------------------------------------
Alexandre Grenier 0 2 2 0 0 2 3 0 0 0 0/1 16:27 3:15 1:40
Angelo Esposito 0 2 2 1 0 0 0 0 0 0 4/5 6:32 0:00 0:00
Anton Lindholm 0 0 0 0 0 0 0 1 0 0 0/0 8:35 0:00 0:00
Benn Ferriero 0 1 1 1 0 2 2 1 0 0 1/2 12:29 0:00 1:59
Blake Pietila 1 0 1 0 2 3 2 0 0 0 0/1 20:53 4:19 0:58
Chris Tierney 0 2 2 0 0 2 2 0 0 0 9/17 15:52 3:15 1:10
Jacob Lagacé 1 0 1 1 0 1 0 0 0 0 0/0 6:32 0:00 0:00
Jamie Oleksiak 0 0 0 3 2 1 0 0 0 1 0/0 19:25 2:47 1:43
Jeffrey Foss 0 1 1 -1 0 4 1 4 0 2 0/0 31:03 4:47 4:25
Joonas Lyytinen 0 0 0 0 0 1 0 1 1 0 0/0 9:17 0:00 0:42
Martin Hanzal 1 1 2 0 6 5 3 3 0 0 23/44 22:38 4:18 2:44
Michael Stone 0 0 0 3 4 2 1 1 0 1 0/0 20:20 2:47 2:44
Nicolas Deschamps 0 0 0 0 0 0 0 0 0 0 1/3 1:12 0:00 0:00
Scott Timmins 0 1 1 1 0 0 0 1 0 0 1/4 10:15 0:00 0:20
Sergei Plotnikov 2 0 2 0 0 6 2 0 0 1 0/0 16:01 3:15 1:13
Thomas Spelling 1 1 2 1 0 3 1 0 0 0 0/0 6:32 0:00 0:00
Victor Olofsson 0 0 0 0 0 0 0 0 0 0 0/0 0:30 0:00 0:02
Vladimir Zharkov 1 1 2 0 0 3 2 0 0 1 1/2 25:14 4:19 4:12
Wes O'Neill 0 2 2 -1 0 4 0 5 0 1 0/0 31:22 4:47 4:44
Zachary Sanford 1 0 1 1 0 1 1 0 0 0 0/0 9:55 0:00 0:00
3 Stars
1 - Miikka Salomaki (Pro)
2 - Sergei Plotnikov (RIM)
3 - Zack Hamill (Pro)
Power Play
Punishers - 3 on 7 Attempt(s) - 42.86%
Wolfes - 3 on 7 Attempt(s) - 42.86%
Penalty Kill
Punishers - 4 on 7 Attempt(s) - 57.14%
- Score 0 goal in Penalty Kill
Wolfes - 4 on 7 Attempt(s) - 57.14%
- Score 0 goal in Penalty Kill
Team Stat
Punishers - Hits : 18 - Faceoff Wins : 39 - Blocked Shots : 13 - Penalty Minutes : 14
Wolfes - Hits : 20 - Faceoff Wins : 40 - Blocked Shots : 17 - Penalty Minutes : 14
Official
Referees : Unknown
Linesman : Unknown
Game Notes
No Game Note
Finance
Level 1 -- Attendance: 1270 (63.50%) -- Ticket Income $50,800
Level 2 -- Attendance: 644 (64.40%) -- Ticket Income $12,880
Total Attendance: 1914 (63.80%)
Total Ticket Income: $63,680
Other Income: $3,184
Total Income: $66,864
Punishers
5 vs 5 Forward
Center Left Wing Right Wing Time % Phy DF OF
1 Zack Hamill Robbie Earl Miikka Salomaki 40 1 2 2
2 Radek Faksa Andreas Athanasiou Carter Ashton 30 1 2 2
3 Elias Lindholm Tyler Bertuzzi Austen Brassard 20 1 2 2
4 John Quenneville Nikita Gusev Michael Joly 10 1 2 2
5 vs 5 Defense
Defense Defense Time % Phy DF OF
1 Slava Voynov Keith Yandle 40 1 2 2
2 Madison Bowey Brett Kulak 30 1 2 2
3 Ben Betker Slava Voynov 20 1 2 2
4 Keith Yandle Madison Bowey 10 1 2 2
PowerPlay Forward
Center Left Wing Right Wing Time % Phy DF OF
1 Zack Hamill Robbie Earl Miikka Salomaki 60 1 2 2
2 Radek Faksa Andreas Athanasiou Carter Ashton 40 1 2 2
PowerPlay Defense
Defense Defense Time % Phy DF OF
1 Slava Voynov Keith Yandle 60 1 2 2
2 Madison Bowey Brett Kulak 40 1 2 2
Penalty Kill 4 Players Forward
Center Wing Time % Phy DF OF
1 Zack Hamill Robbie Earl 60 1 2 2
2 Miikka Salomaki Andreas Athanasiou 40 1 2 2
Penalty Kill 4 Players Defense
Defense Defense Time % Phy DF OF
1 Slava Voynov Keith Yandle 60 1 2 2
2 Madison Bowey Brett Kulak 40 1 2 2
Penalty Kill - 3 Players Forward
Forward Time % Phy DF OF
1 Zack Hamill 60 1 2 2
2 Robbie Earl 40 1 2 2
Penalty Kill - 3 Players Defense
Defense Defense Time % Phy DF OF
1 Slava Voynov Keith Yandle 60 1 2 2
2 Madison Bowey Brett Kulak 40 1 2 2
4 vs 4 Forward
Center Wing Time % Phy DF OF
1 Zack Hamill Robbie Earl 60 1 2 2
2 Miikka Salomaki Andreas Athanasiou 40 1 2 2
4 vs 4 Defense
Defense Defense Time % Phy DF OF
1 Slava Voynov Keith Yandle 60 1 2 2
2 Madison Bowey Brett Kulak 40 1 2 2
Last Minutes Offensive
Center Left Wing Right Wing Defense Defense
Zack Hamill Robbie Earl Miikka Salomaki Slava Voynov Keith Yandle
Last Minutes Defensive
Center Left Wing Right Wing Defense Defense
Zack Hamill Robbie Earl Miikka Salomaki Slava Voynov Keith Yandle
Goaltenders
Starting : Louis Domingue
Backup : Daniel Altshuller
Extra Forwards
Normal : John Macfarland, Anton Blidh, Alex Schoenborn - PP : John Macfarland, Anton Blidh - PK : Alex Schoenborn
Extra Defensemen
Normal : Ben Betker, Brett Kulak, Slava Voynov - PP : Ben Betker - PK : Brett Kulak, Slava Voynov
Penalty Shots
Zack Hamill, Robbie Earl, Miikka Salomaki, Andreas Athanasiou, Carter Ashton
Scratches
Daniel Audette (Healthy), Ivan Nalimov (Healthy)
Wolfes
5 vs 5 Forward
Center Left Wing Right Wing Time % Phy DF OF
1 Martin Hanzal Blake Pietila Vladimir Zharkov 40 1 2 2
2 Chris Tierney Sergei Plotnikov Alexandre Grenier 30 1 2 2
3 Scott Timmins Zachary Sanford Benn Ferriero 20 1 2 2
4 Angelo Esposito Jacob Lagacé Thomas Spelling 10 1 2 2
5 vs 5 Defense
Defense Defense Time % Phy DF OF
1 Wes O'Neill Jeffrey Foss 40 1 2 2
2 Michael Stone Jamie Oleksiak 30 1 2 2
3 Anton Lindholm Joonas Lyytinen 20 1 2 2
4 Wes O'Neill Jeffrey Foss 10 1 2 2
PowerPlay Forward
Center Left Wing Right Wing Time % Phy DF OF
1 Martin Hanzal Blake Pietila Vladimir Zharkov 60 1 2 2
2 Chris Tierney Sergei Plotnikov Alexandre Grenier 40 1 2 2
PowerPlay Defense
Defense Defense Time % Phy DF OF
1 Wes O'Neill Jeffrey Foss 60 1 2 2
2 Michael Stone Jamie Oleksiak 40 1 2 2
Penalty Kill 4 Players Forward
Center Wing Time % Phy DF OF
1 Martin Hanzal Vladimir Zharkov 60 1 2 2
2 Alexandre Grenier Blake Pietila 40 1 2 2
Penalty Kill 4 Players Defense
Defense Defense Time % Phy DF OF
1 Wes O'Neill Jeffrey Foss 60 1 2 2
2 Michael Stone Jamie Oleksiak 40 1 2 2
Penalty Kill - 3 Players Forward
Forward Time % Phy DF OF
1 Martin Hanzal 60 1 2 2
2 Vladimir Zharkov 40 1 2 2
Penalty Kill - 3 Players Defense
Defense Defense Time % Phy DF OF
1 Wes O'Neill Jeffrey Foss 60 1 2 2
2 Michael Stone Jamie Oleksiak 40 1 2 2
4 vs 4 Forward
Center Wing Time % Phy DF OF
1 Martin Hanzal Vladimir Zharkov 60 1 2 2
2 Alexandre Grenier Blake Pietila 40 1 2 2
4 vs 4 Defense
Defense Defense Time % Phy DF OF
1 Wes O'Neill Jeffrey Foss 60 1 2 2
2 Michael Stone Jamie Oleksiak 40 1 2 2
Last Minutes Offensive
Center Left Wing Right Wing Defense Defense
Martin Hanzal Blake Pietila Vladimir Zharkov Wes O'Neill Jeffrey Foss
Last Minutes Defensive
Center Left Wing Right Wing Defense Defense
Martin Hanzal Blake Pietila Vladimir Zharkov Wes O'Neill Jeffrey Foss
Goaltenders
Starting : Laurent Brossoit
Backup : Jeremy Smith
Extra Forwards
Normal : Nicolas Deschamps, Victor Olofsson, Benn Ferriero - PP : Nicolas Deschamps, Victor Olofsson - PK : Benn Ferriero
Extra Defensemen
Normal : Anton Lindholm, Joonas Lyytinen, Michael Stone - PP : Anton Lindholm - PK : Joonas Lyytinen, Michael Stone
Penalty Shots
Martin Hanzal, Vladimir Zharkov, Alexandre Grenier, Blake Pietila, Chris Tierney
Scratches
Kyle Rau (Bruised Right Leg Injury), Christophe Lalancette (Healthy), Joe Morrow (Healthy), Charles-Olivier Roussel (Healthy), Klas Dahlbeck (Healthy)
Matt Grzelcyk (Healthy), Remi Elie (Healthy), Jyrki Jokipakka (Healthy), Pavel Kraskovsky (Healthy), Louis Belpedio (Healthy)
Cameron Darcy (Healthy), Fredrik Olofsson (Healthy), Nolan Vesey (Healthy), Vaclav Karabacek (Healthy), Kyle Pettit (Healthy)
Dylan Sadowy (Healthy), Anton Karlsson (Healthy), Ebbe Siönäs (Healthy), Sami Aittokallio (Healthy)
% Time on Ice - Punishers
Lines # - Real PCT - Wanted PCT - Time Play
Normal Forward
1 - 38% - 40% - 16:34
2 - 24% - 30% - 10:28
3 - 24% - 20% - 10:32
4 - 14% - 10% - 6:03
Normal Defense
1 - 41% - 40% - 18:04
2 - 34% - 30% - 14:38
3 - 18% - 20% - 8:03
4 - 7% - 10% - 2:52
PP Forward
1 - 55% - 60% - 3:54
2 - 45% - 40% - 3:15
PP Defense
1 - 62% - 60% - 4:26
2 - 38% - 40% - 2:43
PK Forward
1 - 92% - 60% - 6:59
2 - 8% - 40% - 0:35
PK Defense
1 - 65% - 60% - 4:57
2 - 35% - 40% - 2:37
PK3 Forward
1 - 0% - 60%
2 - 0% - 40%
PK3 Defense
1 - 0% - 60%
2 - 0% - 40%
44 Forward
1 - 73% - 60% - 1:13
2 - 27% - 40% - 0:27
44 Defense
1 - 69% - 60% - 1:09
2 - 31% - 40% - 0:31
Last Minute Offensive - 0:00
Last Minute Defensive - 0:00
Total
Forward - 60:00
Defense - 60:00
|
% Time on Ice - Wolfes
Lines # - Real PCT - Wanted PCT - Time Play
Normal Forward
1 - 36% - 40% - 15:38
2 - 26% - 30% - 11:32
3 - 23% - 20% - 9:55
4 - 15% - 10% - 6:32
Normal Defense
1 - 44% - 40% - 19:07
2 - 33% - 30% - 14:35
3 - 20% - 20% - 8:35
4 - 3% - 10% - 1:20
PP Forward
1 - 57% - 60% - 4:19
2 - 43% - 40% - 3:15
PP Defense
1 - 63% - 60% - 4:47
2 - 37% - 40% - 2:47
PK Forward
1 - 77% - 60% - 5:29
2 - 23% - 40% - 1:40
PK Defense
1 - 62% - 60% - 4:25
2 - 38% - 40% - 2:44
PK3 Forward
1 - 0% - 60%
2 - 0% - 40%
PK3 Defense
1 - 0% - 60%
2 - 0% - 40%
44 Forward
1 - 100% - 60% - 1:40
2 - 0% - 40% - 0:00
44 Defense
1 - 84% - 60% - 1:24
2 - 16% - 40% - 0:16
Last Minute Offensive - 0:00
Last Minute Defensive - 0:00
Total
Forward - 60:00
Defense - 60:00
|
Play-by-Play
1st period
0:01 of 1st period - Martin Hanzal wins face-off versus Zack Hamill in neutral zone.
1:07 of 1st period - Nikita Gusev is hit by Michael Stone and loses puck.
1:14 of 1st period - Wrist shot by Angelo Esposito.
1:14 of 1st period - Shot Misses the Net.
1:16 of 1st period - Slapshot by Joonas Lyytinen.
1:16 of 1st period - Deflect By Slava Voynov.
1:16 of 1st period - Stopped by Louis Domingue with a rebound.
1:29 of 1st period - Off-side.
1:30 of 1st period - Martin Hanzal wins face-off versus Zack Hamill in neutral zone.
1:33 of 1st period - Wrist shot by Martin Hanzal.
1:33 of 1st period - Shot Blocked by Zack Hamill.
1:43 of 1st period - Snap shot by Robbie Earl.
1:43 of 1st period - Stopped by Laurent Brossoit with a rebound.
1:57 of 1st period - Brett Kulak is hit by Vladimir Zharkov and loses puck.
2:11 of 1st period - Wrist shot by Vladimir Zharkov.
2:11 of 1st period - Shot Misses the Net.
2:23 of 1st period - Snap shot by Blake Pietila.
2:23 of 1st period - Stopped by Louis Domingue with a rebound.
2:25 of 1st period - Slapshot by Michael Stone.
2:25 of 1st period - Stopped by Louis Domingue without a rebound.
2:26 of 1st period - Radek Faksa wins face-off versus Chris Tierney in Punishers zone.
2:35 of 1st period - Wrist shot by Sergei Plotnikov.
2:35 of 1st period - Shot Blocked by Madison Bowey.
3:12 of 1st period - Slapshot by Nikita Gusev.
3:12 of 1st period - Stopped by Laurent Brossoit with a rebound.
3:37 of 1st period - Snap shot by Sergei Plotnikov.
3:37 of 1st period - Shot Misses the Net.
5:15 of 1st period - Wrist shot by Martin Hanzal.
5:15 of 1st period - Goal by Martin Hanzal - Punishers : 0 - Wolfes : 1.
5:16 of 1st period - Zack Hamill wins face-off versus Chris Tierney in neutral zone.
5:49 of 1st period - Icing by Jeffrey Foss.
5:50 of 1st period - Radek Faksa wins face-off versus Martin Hanzal in Wolfes zone.
6:03 of 1st period - Ben Betker is hit by Blake Pietila and loses puck.
6:23 of 1st period - Austen Brassard is hit by Blake Pietila and loses puck.
7:01 of 1st period - Minor Penalty to Austen Brassard for Hooking.
7:02 of 1st period - Chris Tierney wins face-off versus Zack Hamill in Punishers zone.
7:04 of 1st period - Slapshot by Chris Tierney.
7:04 of 1st period - Stopped by Louis Domingue without a rebound.
7:05 of 1st period - Chris Tierney wins face-off versus Zack Hamill in Punishers zone.
7:22 of 1st period - Snap shot by Sergei Plotnikov.
7:22 of 1st period - Goal by Sergei Plotnikov - Punishers : 0 - Wolfes : 2.
7:23 of 1st period - Chris Tierney wins face-off versus Zack Hamill in neutral zone.
7:28 of 1st period - Wrist shot by Alexandre Grenier.
7:28 of 1st period - Deflect By Sergei Plotnikov.
7:28 of 1st period - Shot Blocked by Robbie Earl.
7:28 of 1st period - Puck is out of play.
7:29 of 1st period - Zack Hamill wins face-off versus Chris Tierney in Punishers zone.
7:40 of 1st period - Wrist shot by Miikka Salomaki.
7:40 of 1st period - Shot Misses the Net.
7:42 of 1st period - Backhand shot by Keith Yandle.
7:42 of 1st period - Shot Misses the Net.
7:44 of 1st period - Snap shot by Zack Hamill.
7:44 of 1st period - Shot Misses the Net.
8:29 of 1st period - Minor Penalty to Blake Pietila for Holding.
8:30 of 1st period - Martin Hanzal wins face-off versus Zack Hamill in Wolfes zone.
9:02 of 1st period - Snap shot by Carter Ashton.
9:02 of 1st period - Stopped by Laurent Brossoit with a rebound.
9:04 of 1st period - Slapshot by Andreas Athanasiou.
9:04 of 1st period - Deflect By Carter Ashton.
9:04 of 1st period - Stopped by Laurent Brossoit with a rebound.
9:06 of 1st period - Slapshot by Brett Kulak.
9:06 of 1st period - Shot Blocked by Wes O'Neill.
10:29 of 1st period - Penalty to Blake Pietila is over, Blake Pietila is back on ice.
10:39 of 1st period - Snap shot by Tyler Bertuzzi.
10:39 of 1st period - Stopped by Laurent Brossoit without a rebound.
10:40 of 1st period - Chris Tierney wins face-off versus Elias Lindholm in Wolfes zone.
10:52 of 1st period - Icing by Elias Lindholm.
10:53 of 1st period - Martin Hanzal wins face-off versus Elias Lindholm in Punishers zone.
10:58 of 1st period - Snap shot by Martin Hanzal.
10:58 of 1st period - Shot Blocked by Ben Betker.
11:00 of 1st period - Wrist shot by Martin Hanzal.
11:00 of 1st period - Stopped by Louis Domingue with a rebound.
11:02 of 1st period - Slapshot by Blake Pietila.
11:02 of 1st period - Shot Blocked by Ben Betker.
11:04 of 1st period - Slapshot by Martin Hanzal.
11:04 of 1st period - Shot Misses the Net.
11:06 of 1st period - Snap shot by Joonas Lyytinen.
11:06 of 1st period - Shot Misses the Net.
11:08 of 1st period - Snap shot by Martin Hanzal.
11:08 of 1st period - Stopped by Louis Domingue with a rebound.
11:20 of 1st period - Snap shot by Zack Hamill.
11:20 of 1st period - Shot Misses the Net.
11:22 of 1st period - Slapshot by Brett Kulak.
11:22 of 1st period - Stopped by Laurent Brossoit without a rebound.
11:23 of 1st period - Zack Hamill wins face-off versus Chris Tierney in Wolfes zone.
11:24 of 1st period - Wrist shot by Robbie Earl.
11:24 of 1st period - Shot Misses the Net.
11:34 of 1st period - Snap shot by Alexandre Grenier.
11:34 of 1st period - Stopped by Louis Domingue without a rebound.
11:35 of 1st period - Zack Hamill wins face-off versus Chris Tierney in Punishers zone.
11:40 of 1st period - Slapshot by Alexandre Grenier.
11:40 of 1st period - Shot Blocked by Slava Voynov.
11:42 of 1st period - Wrist shot by Sergei Plotnikov.
11:42 of 1st period - Shot Misses the Net.
11:44 of 1st period - Slapshot by Wes O'Neill.
11:44 of 1st period - Stopped by Louis Domingue without a rebound.
11:45 of 1st period - Chris Tierney wins face-off versus Zack Hamill in Punishers zone.
11:54 of 1st period - Snap shot by Sergei Plotnikov.
11:54 of 1st period - Shot Blocked by Robbie Earl.
11:56 of 1st period - Slapshot by Wes O'Neill.
11:56 of 1st period - Deflect By Zack Hamill.
11:56 of 1st period - Stopped by Louis Domingue with a rebound.
11:58 of 1st period - Slapshot by Jeffrey Foss.
11:58 of 1st period - Shot Blocked by Keith Yandle.
12:00 of 1st period - Slapshot by Wes O'Neill.
12:00 of 1st period - Stopped by Louis Domingue without a rebound.
12:01 of 1st period - Radek Faksa wins face-off versus Martin Hanzal in Punishers zone.
12:29 of 1st period - Minor Penalty to Jamie Oleksiak for Roughing.
12:30 of 1st period - Zack Hamill wins face-off versus Martin Hanzal in Wolfes zone.
14:19 of 1st period - Icing by Slava Voynov.
14:20 of 1st period - Martin Hanzal wins face-off versus Zack Hamill in Punishers zone.
14:29 of 1st period - Penalty to Jamie Oleksiak is over, Jamie Oleksiak is back on ice.
14:42 of 1st period - Off-side.
14:43 of 1st period - John Quenneville wins face-off versus Scott Timmins in neutral zone.
15:37 of 1st period - Benn Ferriero is hit by Zack Hamill and loses puck.
15:56 of 1st period - Jeffrey Foss is hit by Andreas Athanasiou and loses puck.
16:15 of 1st period - Snap shot by Sergei Plotnikov.
16:15 of 1st period - Stopped by Louis Domingue with a rebound.
16:17 of 1st period - Slapshot by Jeffrey Foss.
16:17 of 1st period - Shot Misses the Net.
16:19 of 1st period - Wrist shot by Chris Tierney.
16:19 of 1st period - Stopped by Louis Domingue without a rebound.
16:20 of 1st period - Vladimir Zharkov wins face-off versus Zack Hamill in Punishers zone.
16:29 of 1st period - Snap shot by Martin Hanzal.
16:29 of 1st period - Stopped by Louis Domingue with a rebound.
16:31 of 1st period - Slapshot by Jamie Oleksiak.
16:31 of 1st period - Deflect By Zack Hamill.
16:31 of 1st period - Stopped by Louis Domingue with a rebound.
16:33 of 1st period - Snap shot by Blake Pietila.
16:33 of 1st period - Deflect By Martin Hanzal.
16:33 of 1st period - Stopped by Louis Domingue with a rebound.
16:35 of 1st period - Wrist shot by Vladimir Zharkov.
16:35 of 1st period - Shot Misses the Net.
17:08 of 1st period - Wrist shot by Miikka Salomaki.
17:08 of 1st period - Stopped by Laurent Brossoit with a rebound.
17:10 of 1st period - Slapshot by Slava Voynov.
17:10 of 1st period - Stopped by Laurent Brossoit with a rebound.
17:12 of 1st period - Snap shot by Miikka Salomaki.
17:12 of 1st period - Shot Misses the Net.
17:14 of 1st period - Wrist shot by Miikka Salomaki.
17:14 of 1st period - Shot Misses the Net.
17:16 of 1st period - Snap shot by Zack Hamill.
17:16 of 1st period - Shot Blocked by Anton Lindholm.
17:18 of 1st period - Snap shot by Robbie Earl.
17:18 of 1st period - Stopped by Laurent Brossoit with a rebound.
17:20 of 1st period - Slapshot by Slava Voynov.
17:20 of 1st period - Shot Blocked by Joonas Lyytinen.
17:22 of 1st period - Slapshot by Zack Hamill.
17:22 of 1st period - Shot Misses the Net.
17:24 of 1st period - Slapshot by Ben Betker.
17:24 of 1st period - Deflect By Robbie Earl.
17:24 of 1st period - Goal by Robbie Earl - Punishers : 1 - Wolfes : 2.
17:25 of 1st period - Radek Faksa wins face-off versus Martin Hanzal in neutral zone.
17:27 of 1st period - Off-side.
17:28 of 1st period - Martin Hanzal wins face-off versus Radek Faksa in neutral zone.
18:15 of 1st period - Slapshot by Brett Kulak.
18:15 of 1st period - Stopped by Laurent Brossoit without a rebound.
18:16 of 1st period - Elias Lindholm wins face-off versus Chris Tierney in Wolfes zone.
18:23 of 1st period - Wrist shot by Slava Voynov.
18:23 of 1st period - Stopped by Laurent Brossoit with a rebound.
18:25 of 1st period - Slapshot by Keith Yandle.
18:25 of 1st period - Stopped by Laurent Brossoit without a rebound.
18:26 of 1st period - Martin Hanzal wins face-off versus Zack Hamill in Wolfes zone.
18:37 of 1st period - Wrist shot by Blake Pietila.
18:37 of 1st period - Stopped by Louis Domingue with a rebound.
18:51 of 1st period - Sergei Plotnikov is hit by Slava Voynov and loses puck.
18:58 of 1st period - Snap shot by Keith Yandle.
18:58 of 1st period - Stopped by Laurent Brossoit without a rebound.
18:59 of 1st period - Martin Hanzal wins face-off versus Andreas Athanasiou in Wolfes zone.
19:04 of 1st period - Michael Stone is hit by Andreas Athanasiou and loses puck.
19:13 of 1st period - Slapshot by Andreas Athanasiou.
19:13 of 1st period - Shot Blocked by Martin Hanzal.
19:37 of 1st period - Snap shot by Miikka Salomaki.
19:37 of 1st period - Shot Blocked by Michael Stone.
Goals for this period are 1 for Punishers vs 2 for Wolfes.
Shots for this period are 14 for Punishers vs 18 for Wolfes.
2nd period
0:01 of 2nd period - Martin Hanzal wins face-off versus Robbie Earl in neutral zone.
1:35 of 2nd period - Wrist shot by Miikka Salomaki.
1:35 of 2nd period - Goal by Miikka Salomaki - Punishers : 2 - Wolfes : 2.
1:36 of 2nd period - Martin Hanzal wins face-off versus Zack Hamill in neutral zone.
1:38 of 2nd period - Minor Penalty to Martin Hanzal for Slashing.
1:39 of 2nd period - Benn Ferriero wins face-off versus Zack Hamill in Wolfes zone.
2:35 of 2nd period - Brett Kulak is hit by Sergei Plotnikov and loses puck.
3:22 of 2nd period - Wes O'Neill is hit by Robbie Earl and loses puck.
3:38 of 2nd period - Penalty to Martin Hanzal is over, Martin Hanzal is back on ice.
3:40 of 2nd period - Icing by Wes O'Neill.
3:41 of 2nd period - Angelo Esposito wins face-off versus Radek Faksa in Wolfes zone.
3:41 of 2nd period - Angelo Esposito is hit by Andreas Athanasiou.
3:49 of 2nd period - Anton Lindholm is hit by Tyler Bertuzzi and loses puck.
4:54 of 2nd period - Slapshot by Slava Voynov.
4:54 of 2nd period - Deflect By Jamie Oleksiak.
4:54 of 2nd period - Stopped by Laurent Brossoit without a rebound.
4:55 of 2nd period - Zack Hamill wins face-off versus Martin Hanzal in Wolfes zone.
5:46 of 2nd period - Thomas Spelling is hit by Austen Brassard and loses puck.
6:22 of 2nd period - Slapshot by Brett Kulak.
6:22 of 2nd period - Shot Misses the Net.
6:24 of 2nd period - Snap shot by Ben Betker.
6:24 of 2nd period - Stopped by Laurent Brossoit with a rebound.
6:26 of 2nd period - Slapshot by Ben Betker.
6:26 of 2nd period - Shot Blocked by Benn Ferriero.
6:41 of 2nd period - Off-side.
6:42 of 2nd period - Chris Tierney wins face-off versus Radek Faksa in neutral zone.
6:56 of 2nd period - Off-side.
6:57 of 2nd period - Robbie Earl wins face-off versus Martin Hanzal in neutral zone.
6:57 of 2nd period - Robbie Earl is hit by Vladimir Zharkov.
7:30 of 2nd period - Snap shot by Sergei Plotnikov.
7:30 of 2nd period - Shot Misses the Net.
7:32 of 2nd period - Backhand shot by Jeffrey Foss.
7:32 of 2nd period - Stopped by Louis Domingue without a rebound.
7:33 of 2nd period - Zack Hamill wins face-off versus Martin Hanzal in Punishers zone.
8:02 of 2nd period - Snap shot by Benn Ferriero.
8:02 of 2nd period - Stopped by Louis Domingue with a rebound.
8:13 of 2nd period - Off-side.
8:14 of 2nd period - Radek Faksa wins face-off versus Chris Tierney in neutral zone.
8:27 of 2nd period - Slapshot by Wes O'Neill.
8:27 of 2nd period - Shot Blocked by Keith Yandle.
9:07 of 2nd period - Wrist shot by Zachary Sanford.
9:07 of 2nd period - Shot Misses the Net.
9:09 of 2nd period - Slapshot by Jamie Oleksiak.
9:09 of 2nd period - Deflect By Scott Timmins.
9:09 of 2nd period - Shot Hit the Post.
9:09 of 2nd period - Puck is out of play.
9:10 of 2nd period - Zack Hamill wins face-off versus Martin Hanzal in Punishers zone.
9:12 of 2nd period - Minor Penalty to Robbie Earl for Holding.
9:13 of 2nd period - Zack Hamill wins face-off versus Martin Hanzal in Punishers zone.
9:13 of 2nd period - Zack Hamill is hit by Martin Hanzal.
9:51 of 2nd period - Zack Hamill is hit by Alexandre Grenier and loses puck.
11:10 of 2nd period - Madison Bowey is hit by Alexandre Grenier.
11:12 of 2nd period - Penalty to Robbie Earl is over, Robbie Earl is back on ice.
11:19 of 2nd period - Slapshot by Madison Bowey.
11:19 of 2nd period - Shot Blocked by Scott Timmins.
12:23 of 2nd period - Slapshot by Nikita Gusev.
12:23 of 2nd period - Stopped by Laurent Brossoit with a rebound.
13:05 of 2nd period - Slava Voynov is hit by Alexandre Grenier and loses puck.
14:17 of 2nd period - Icing by Andreas Athanasiou.
14:18 of 2nd period - Angelo Esposito wins face-off versus Zack Hamill in Punishers zone.
14:57 of 2nd period - Radek Faksa is hit by Chris Tierney.
15:30 of 2nd period - Wrist shot by Zack Hamill.
15:30 of 2nd period - Stopped by Laurent Brossoit without a rebound.
15:31 of 2nd period - Angelo Esposito wins face-off versus Zack Hamill in Wolfes zone.
15:53 of 2nd period - Icing by Wes O'Neill.
15:54 of 2nd period - Radek Faksa wins face-off versus Angelo Esposito in Wolfes zone.
15:55 of 2nd period - Snap shot by Carter Ashton.
15:55 of 2nd period - Shot Blocked by Jeffrey Foss.
15:57 of 2nd period - Backhand shot by Carter Ashton.
15:57 of 2nd period - Shot Misses the Net.
15:59 of 2nd period - Snap shot by Carter Ashton.
15:59 of 2nd period - Goal by Carter Ashton - Punishers : 3 - Wolfes : 2.
16:00 of 2nd period - Martin Hanzal wins face-off versus Zack Hamill in neutral zone.
16:05 of 2nd period - Wrist shot by Blake Pietila.
16:05 of 2nd period - Shot Misses the Net.
16:07 of 2nd period - Wrist shot by Vladimir Zharkov.
16:07 of 2nd period - Shot Misses the Net.
16:45 of 2nd period - Minor Penalty to Michael Stone for Hooking.
16:46 of 2nd period - Martin Hanzal wins face-off versus Zack Hamill in Wolfes zone.
16:54 of 2nd period - Snap shot by Zack Hamill.
16:54 of 2nd period - Stopped by Laurent Brossoit with a rebound.
16:56 of 2nd period - Slapshot by Miikka Salomaki.
16:56 of 2nd period - Stopped by Laurent Brossoit with a rebound.
16:58 of 2nd period - Wrist shot by Brett Kulak.
16:58 of 2nd period - Deflect By Zack Hamill.
16:58 of 2nd period - Stopped by Laurent Brossoit without a rebound.
16:59 of 2nd period - Robbie Earl wins face-off versus Martin Hanzal in Wolfes zone.
17:04 of 2nd period - Snap shot by Miikka Salomaki.
17:04 of 2nd period - Deflect By Wes O'Neill.
17:04 of 2nd period - Shot Misses the Net.
17:04 of 2nd period - Puck is out of play.
17:05 of 2nd period - Zack Hamill wins face-off versus Martin Hanzal in Wolfes zone.
17:10 of 2nd period - Wrist shot by Miikka Salomaki.
17:10 of 2nd period - Goal by Miikka Salomaki - Punishers : 4 - Wolfes : 2.
17:11 of 2nd period - Robbie Earl wins face-off versus Martin Hanzal in neutral zone.
17:18 of 2nd period - Wrist shot by Slava Voynov.
17:18 of 2nd period - Deflect By Blake Pietila.
17:18 of 2nd period - Stopped by Laurent Brossoit with a rebound.
17:38 of 2nd period - Snap shot by Sergei Plotnikov.
17:38 of 2nd period - Goal by Sergei Plotnikov - Punishers : 4 - Wolfes : 3.
17:39 of 2nd period - Martin Hanzal wins face-off versus Zack Hamill in neutral zone.
18:05 of 2nd period - Carter Ashton is hit by Chris Tierney and loses puck.
18:49 of 2nd period - Snap shot by Thomas Spelling.
18:49 of 2nd period - Stopped by Louis Domingue with a rebound.
18:51 of 2nd period - Snap shot by Michael Stone.
18:51 of 2nd period - Stopped by Louis Domingue with a rebound.
18:53 of 2nd period - Slapshot by Michael Stone.
18:53 of 2nd period - Shot Misses the Net.
18:55 of 2nd period - Snap shot by Angelo Esposito.
18:55 of 2nd period - Deflect By Jacob Lagacé.
18:55 of 2nd period - Shot Misses the Net.
18:55 of 2nd period - Puck is out of play.
18:56 of 2nd period - Martin Hanzal wins face-off versus Zack Hamill in Punishers zone.
19:11 of 2nd period - Slapshot by Zack Hamill.
19:11 of 2nd period - Shot Misses the Net.
19:21 of 2nd period - Blake Pietila is hit by Nikita Gusev and loses puck.
19:28 of 2nd period - Slapshot by Slava Voynov.
19:28 of 2nd period - Deflect By Nikita Gusev.
19:28 of 2nd period - Shot Misses the Net.
19:28 of 2nd period - Puck is out of play.
19:29 of 2nd period - Chris Tierney wins face-off versus Radek Faksa in Wolfes zone.
Goals for this period are 3 for Punishers vs 1 for Wolfes.
Shots for this period are 11 for Punishers vs 5 for Wolfes.
3rd period
0:01 of 3rd period - Martin Hanzal wins face-off versus Zack Hamill in neutral zone.
0:04 of 3rd period - Slapshot by Jeffrey Foss.
0:04 of 3rd period - Stopped by Louis Domingue with a rebound.
0:27 of 3rd period - Minor Penalty to Carter Ashton for Slashing.
0:28 of 3rd period - Martin Hanzal wins face-off versus Zack Hamill in Punishers zone.
0:35 of 3rd period - Wrist shot by Keith Yandle.
0:35 of 3rd period - Deflect By Vladimir Zharkov.
0:35 of 3rd period - Stopped by Laurent Brossoit without a rebound.
0:36 of 3rd period - Zack Hamill wins face-off versus Martin Hanzal in Wolfes zone.
0:37 of 3rd period - Wrist shot by Robbie Earl.
0:37 of 3rd period - Deflect By Zack Hamill.
0:37 of 3rd period - Shot Blocked by Wes O'Neill.
0:37 of 3rd period - Puck is out of play.
0:38 of 3rd period - Robbie Earl wins face-off versus Martin Hanzal in Wolfes zone.
0:43 of 3rd period - Slapshot by Zack Hamill.
0:43 of 3rd period - Stopped by Laurent Brossoit with a rebound.
1:14 of 3rd period - Slapshot by Jeffrey Foss.
1:14 of 3rd period - Stopped by Louis Domingue with a rebound.
1:16 of 3rd period - Slapshot by Vladimir Zharkov.
1:16 of 3rd period - Goal by Vladimir Zharkov - Punishers : 4 - Wolfes : 4.
1:17 of 3rd period - Zack Hamill wins face-off versus Alexandre Grenier in neutral zone.
1:24 of 3rd period - Wrist shot by Sergei Plotnikov.
1:24 of 3rd period - Stopped by Louis Domingue with a rebound.
1:48 of 3rd period - Snap shot by Elias Lindholm.
1:48 of 3rd period - Shot Misses the Net.
1:56 of 3rd period - Wrist shot by Vladimir Zharkov.
1:56 of 3rd period - Stopped by Louis Domingue without a rebound.
1:57 of 3rd period - Zack Hamill wins face-off versus Scott Timmins in Punishers zone.
2:53 of 3rd period - Minor Penalty to Tyler Bertuzzi for Roughing.
2:54 of 3rd period - Zack Hamill wins face-off versus Martin Hanzal in Punishers zone.
3:12 of 3rd period - Minor Penalty to Martin Hanzal for Holding.
3:13 of 3rd period - Nicolas Deschamps wins face-off versus Zack Hamill in Wolfes zone.
3:19 of 3rd period - Slapshot by Wes O'Neill.
3:19 of 3rd period - Stopped by Louis Domingue without a rebound.
3:20 of 3rd period - Zack Hamill wins face-off versus Vladimir Zharkov in Punishers zone.
3:39 of 3rd period - Icing by Wes O'Neill.
3:40 of 3rd period - Zack Hamill wins face-off versus Nicolas Deschamps in Wolfes zone.
4:01 of 3rd period - Slava Voynov is hit by Jeffrey Foss.
4:21 of 3rd period - Slapshot by Jamie Oleksiak.
4:21 of 3rd period - Deflect By Benn Ferriero.
4:21 of 3rd period - Shot Misses the Net.
4:21 of 3rd period - Puck is out of play.
4:22 of 3rd period - Miikka Salomaki wins face-off versus Nicolas Deschamps in Punishers zone.
4:22 of 3rd period - Miikka Salomaki is hit by Benn Ferriero.
4:53 of 3rd period - Penalty to Tyler Bertuzzi is over, Tyler Bertuzzi is back on ice.
5:12 of 3rd period - Penalty to Martin Hanzal is over, Martin Hanzal is back on ice.
5:22 of 3rd period - Off-side.
5:23 of 3rd period - Angelo Esposito wins face-off versus Elias Lindholm in neutral zone.
5:26 of 3rd period - Slapshot by Thomas Spelling.
5:26 of 3rd period - Stopped by Louis Domingue with a rebound.
5:39 of 3rd period - Minor Penalty to Tyler Bertuzzi for Boarding.
5:40 of 3rd period - Martin Hanzal wins face-off versus Zack Hamill in Punishers zone.
5:56 of 3rd period - Snap shot by Wes O'Neill.
5:56 of 3rd period - Shot Blocked by Robbie Earl.
6:54 of 3rd period - Blake Pietila is hit by Brett Kulak and loses puck.
7:39 of 3rd period - Penalty to Tyler Bertuzzi is over, Tyler Bertuzzi is back on ice.
8:11 of 3rd period - Snap shot by Angelo Esposito.
8:11 of 3rd period - Shot Misses the Net.
8:21 of 3rd period - Snap shot by Jacob Lagacé.
8:21 of 3rd period - Goal by Jacob Lagacé - Punishers : 4 - Wolfes : 5.
8:22 of 3rd period - Martin Hanzal wins face-off versus Zack Hamill in neutral zone.
8:47 of 3rd period - Chris Tierney is hit by Carter Ashton and loses puck.
8:54 of 3rd period - Wrist shot by Radek Faksa.
8:54 of 3rd period - Shot Misses the Net.
8:56 of 3rd period - Slapshot by Madison Bowey.
8:56 of 3rd period - Shot Misses the Net.
9:14 of 3rd period - Snap shot by Benn Ferriero.
9:14 of 3rd period - Stopped by Louis Domingue with a rebound.
9:16 of 3rd period - Slapshot by Jeffrey Foss.
9:16 of 3rd period - Stopped by Louis Domingue without a rebound.
9:17 of 3rd period - Martin Hanzal wins face-off versus Zack Hamill in Punishers zone.
9:18 of 3rd period - Wrist shot by Vladimir Zharkov.
9:18 of 3rd period - Stopped by Louis Domingue without a rebound.
9:19 of 3rd period - Zack Hamill wins face-off versus Martin Hanzal in Punishers zone.
9:19 of 3rd period - Zack Hamill is hit by Martin Hanzal.
9:55 of 3rd period - Wrist shot by Zack Hamill.
9:55 of 3rd period - Stopped by Laurent Brossoit without a rebound.
9:56 of 3rd period - Martin Hanzal wins face-off versus Radek Faksa in Wolfes zone.
9:56 of 3rd period - Martin Hanzal is hit by Radek Faksa.
10:21 of 3rd period - Alexandre Grenier is hit by Brett Kulak and loses puck.
10:26 of 3rd period - Slapshot by Slava Voynov.
10:26 of 3rd period - Shot Blocked by Jeffrey Foss.
10:28 of 3rd period - Slapshot by Ben Betker.
10:28 of 3rd period - Shot Misses the Net.
10:30 of 3rd period - Snap shot by Tyler Bertuzzi.
10:30 of 3rd period - Stopped by Laurent Brossoit without a rebound.
10:31 of 3rd period - Martin Hanzal wins face-off versus Zack Hamill in Wolfes zone.
10:37 of 3rd period - Off-side.
10:38 of 3rd period - Zack Hamill wins face-off versus Martin Hanzal in neutral zone.
10:41 of 3rd period - Anton Lindholm is hit by Slava Voynov and loses puck.
11:00 of 3rd period - Minor Penalty to Zack Hamill for Boarding.
11:01 of 3rd period - Martin Hanzal wins face-off versus Alex Schoenborn in Punishers zone.
12:12 of 3rd period - Madison Bowey is hit by Martin Hanzal and loses puck.
13:00 of 3rd period - Penalty to Zack Hamill is over, Zack Hamill is back on ice.
13:07 of 3rd period - Michael Stone is hit by Nikita Gusev and loses puck.
13:16 of 3rd period - Ben Betker is hit by Zachary Sanford and loses puck.
13:27 of 3rd period - Joonas Lyytinen is hit by Elias Lindholm and loses puck.
13:36 of 3rd period - Snap shot by Thomas Spelling.
13:36 of 3rd period - Shot Misses the Net.
14:05 of 3rd period - Keith Yandle is hit by Benn Ferriero and loses puck.
14:43 of 3rd period - Slapshot by Zack Hamill.
14:43 of 3rd period - Shot Blocked by Jeffrey Foss.
14:45 of 3rd period - Slapshot by Slava Voynov.
14:45 of 3rd period - Stopped by Laurent Brossoit with a rebound.
14:56 of 3rd period - Jeffrey Foss is hit by Slava Voynov and loses puck.
14:59 of 3rd period - Snap shot by Michael Stone.
14:59 of 3rd period - Shot Misses the Net.
15:15 of 3rd period - Slapshot by Alexandre Grenier.
15:15 of 3rd period - Shot Misses the Net.
15:17 of 3rd period - Minor Penalty to Ben Betker for Tripping.
15:18 of 3rd period - Martin Hanzal wins face-off versus Zack Hamill in Punishers zone.
15:25 of 3rd period - Wrist shot by Blake Pietila.
15:25 of 3rd period - Goal by Blake Pietila - Punishers : 4 - Wolfes : 6.
15:26 of 3rd period - Zack Hamill wins face-off versus Martin Hanzal in neutral zone.
15:29 of 3rd period - Backhand shot by Slava Voynov.
15:29 of 3rd period - Shot Misses the Net.
15:36 of 3rd period - Minor Penalty to Martin Hanzal for Cross-checking.
15:37 of 3rd period - Zack Hamill wins face-off versus Benn Ferriero in Wolfes zone.
15:45 of 3rd period - Wrist shot by Zack Hamill.
15:45 of 3rd period - Goal by Zack Hamill - Punishers : 5 - Wolfes : 6.
15:46 of 3rd period - Zack Hamill wins face-off versus Scott Timmins in neutral zone.
16:40 of 3rd period - Madison Bowey is hit by Sergei Plotnikov and loses puck.
16:57 of 3rd period - Slapshot by Nikita Gusev.
16:57 of 3rd period - Shot Misses the Net.
17:09 of 3rd period - Madison Bowey is hit by Thomas Spelling.
17:25 of 3rd period - Slapshot by Thomas Spelling.
17:25 of 3rd period - Goal by Thomas Spelling - Punishers : 5 - Wolfes : 7.
17:26 of 3rd period - Scott Timmins wins face-off versus Elias Lindholm in neutral zone.
17:29 of 3rd period - Snap shot by Zachary Sanford.
17:29 of 3rd period - Goal by Zachary Sanford - Punishers : 5 - Wolfes : 8.
17:30 of 3rd period - Zack Hamill wins face-off versus Martin Hanzal in neutral zone.
17:37 of 3rd period - Slapshot by Robbie Earl.
17:37 of 3rd period - Shot Blocked by Wes O'Neill.
17:39 of 3rd period - Backhand shot by Miikka Salomaki.
17:39 of 3rd period - Stopped by Laurent Brossoit without a rebound.
17:40 of 3rd period - Zack Hamill wins face-off versus Blake Pietila in Wolfes zone.
17:49 of 3rd period - Backhand shot by Zack Hamill.
17:49 of 3rd period - Shot Blocked by Wes O'Neill.
17:57 of 3rd period - Wrist shot by Zack Hamill.
17:57 of 3rd period - Shot Blocked by Martin Hanzal.
17:59 of 3rd period - Wrist shot by Miikka Salomaki.
17:59 of 3rd period - Shot Blocked by Jeffrey Foss.
19:05 of 3rd period - Snap shot by Miikka Salomaki.
19:05 of 3rd period - Stopped by Laurent Brossoit with a rebound.
19:07 of 3rd period - Slapshot by Miikka Salomaki.
19:07 of 3rd period - Stopped by Laurent Brossoit without a rebound.
19:08 of 3rd period - Radek Faksa wins face-off versus Chris Tierney in Wolfes zone.
19:09 of 3rd period - Wrist shot by Carter Ashton.
19:09 of 3rd period - Shot Misses the Net.
19:19 of 3rd period - Snap shot by Alexandre Grenier.
19:19 of 3rd period - Deflect By Sergei Plotnikov.
19:19 of 3rd period - Shot Blocked by Carter Ashton.
19:19 of 3rd period - Puck is out of play.
19:20 of 3rd period - Chris Tierney wins face-off versus Radek Faksa in Punishers zone.
19:21 of 3rd period - Snap shot by Sergei Plotnikov.
19:21 of 3rd period - Shot Misses the Net.
19:23 of 3rd period - Slapshot by Jamie Oleksiak.
19:23 of 3rd period - Shot Blocked by Carter Ashton.
19:25 of 3rd period - Snap shot by Alexandre Grenier.
19:25 of 3rd period - Stopped by Louis Domingue without a rebound.
19:26 of 3rd period - Chris Tierney wins face-off versus Radek Faksa in Punishers zone.
19:27 of 3rd period - Snap shot by Alexandre Grenier.
19:27 of 3rd period - Shot Blocked by Carter Ashton.
19:31 of 3rd period - Wrist shot by Sergei Plotnikov.
19:31 of 3rd period - Stopped by Louis Domingue with a rebound.
19:39 of 3rd period - Snap shot by Sergei Plotnikov.
19:39 of 3rd period - Stopped by Louis Domingue with a rebound.
19:40 of 3rd period - Minor Penalty to Michael Stone for Hooking.
19:41 of 3rd period - Radek Faksa wins face-off versus Martin Hanzal in Wolfes zone.
19:42 of 3rd period - Backhand shot by Keith Yandle.
19:42 of 3rd period - Shot Blocked by Martin Hanzal.
19:44 of 3rd period - Slapshot by Keith Yandle.
19:44 of 3rd period - Shot Blocked by Wes O'Neill.
19:46 of 3rd period - Slapshot by Slava Voynov.
19:46 of 3rd period - Deflect By Carter Ashton.
19:46 of 3rd period - Shot Misses the Net.
19:46 of 3rd period - Puck is out of play.
19:47 of 3rd period - Radek Faksa wins face-off versus Martin Hanzal in Wolfes zone.
19:54 of 3rd period - Martin Hanzal is hit by Andreas Athanasiou and loses puck.
19:59 of 3rd period - Slapshot by Slava Voynov.
19:59 of 3rd period - Goal by Slava Voynov - Punishers : 6 - Wolfes : 8.
Goals for this period are 2 for Punishers vs 5 for Wolfes.
Shots for this period are 10 for Punishers vs 17 for Wolfes.
Back to the Top